 Dungeon Crawl Stone Soup version 0.27-a0-931-g5a74e75d8f (webtiles) character file.

Game seed: 683837964975521646

452 Alarkh the Ruffian (level 6, 0/49 HPs)
             Began as a Demonspawn Gladiator on Apr 10, 2021.
             Killed by divine providence
             ... invoked by an orc priest
              (16 damage)
             ... on level 4 of the Dungeon.
             The game lasted 00:04:20 (3289 turns).

Alarkh the Ruffian (Demonspawn Gladiator)           Turns: 3289, Time: 00:04:21

Health: 0/49       AC:  4    Str: 15    XL:     6   Next: 75%
Magic:  6/6        EV: 34    Int: 11    God:
Gold:   131        SH:  0    Dex: 14    Spells: 5/5 levels left

rFire    . . .     SeeInvis .     - Unarmed
rCold    . . .     Faith    .   (no shield)
rNeg     + . .     Spirit   .   a - +0 leather armour
rPois    +         Reflect  .   b - +0 helmet
rElec    .         Harm     .   (no cloak)
rCorr    .         Rampage  .   (no gloves)
Will     .....                  (no boots)
Stlth    +.........             l - amulet of the acrobat
HPRegen  0.16/turn              i - ring of positive energy
MPRegen  0.10/turn              (no ring)

@: agile, acrobatic
A: claws 1, repulsion field 1, powered by pain 2, talons 1, poison resistance
a: no special abilities


You were on level 4 of the Dungeon.
You visited 1 branch of the dungeon, and saw 4 of its levels.
You also visited: Sewer.

You collected 131 gold pieces.

Inventory:

Missiles
 c - a throwing net (quivered)
 k - 6 poisoned darts
Armour
 a - a +0 leather armour (worn)
 b - a +0 helmet (worn)
Magical Staves
 w - a staff of death
Jewellery
 i - a ring of positive energy (left claw)
 l - an amulet of the acrobat (around neck)
 o - an amulet of magic regeneration
Wands
 t - a wand of acid (5)
Scrolls
 e - 2 scrolls of torment {unknown}
 f - a scroll of identify {unknown}
 g - a scroll of amnesia {unknown}
 h - a scroll of fog {unknown}
 j - 2 scrolls of teleportation {unknown}
 n - a scroll of summoning {unknown}
 p - a scroll of enchant armour {unknown}
 r - a scroll of blinking {unknown}
 x - a scroll of fear {unknown}
Potions
 d - a potion of berserk rage
 m - a potion of ambrosia {unknown}
 q - a potion of attraction {unknown}
 s - a potion of brilliance {unknown}
 u - a potion of invisibility {unknown}
 v - 2 potions of mutation


   Skills:
 + Level 4.4 Fighting
 - Level 1.7 Throwing
 - Level 2.6 Dodging
 * Level 6.0 Unarmed Combat


You had 5 spell levels left.
You didn't know any spells.
Your spell library contained the following spells:

 Spells                   Type           Power      Damage    Failure   Level
 Animate Skeleton         Necr           0%         N/A       41%         1
 Apportation              Tloc           0%         N/A       41%         1
 Corona                   Hex            0%         N/A       41%         1
 Magic Dart               Conj           0%         1d3       41%         1
 Summon Small Mammal      Summ           0%         N/A       41%         1
 Blink                    Tloc           N/A        N/A       54%         2
 Call Imp                 Summ           0%         N/A       54%         2
 Slow                     Hex            0%         N/A       54%         2
 Confusing Touch          Hex            0%         N/A       78%         3
 Conjure Flame            Conj/Fire      0%         6-21      78%         3
 Gell's Gravitas          Tloc           0%         N/A       78%         3
 Mephitic Cloud           Conj/Pois/Air  0%         N/A       78%         3
 Petrify                  Tmut/Erth      0%         N/A       99%         4
 Metabolic Englaciation   Hex/Ice        0%         N/A       100%        5
 Yara's Violent Unravell  Hex/Tmut       0%         3d3       100%        5


Dungeon Overview and Level Annotations

Branches:
Dungeon (4/15)              Sewer (visited)
 Temple: D:4-7

Altars:

Shops:
D:3 *


Innate Abilities, Weirdness & Mutations

You have sharp fingernails.
You are surrounded by a mild repulsion field. (EV +2)
You sometimes gain power by taking damage.
You have sharp toenails.
Your system is resistant to poisons. (rPois)


Message History

HP restored.
Found 3 silver boomerangs.
You now have 131 gold pieces (gained 9).
Found a stone staircase leading down.
The orc warrior shouts!
An orc warrior is nearby!
You scratch the orc warrior. You claw the orc warrior.
The orc warrior is moderately wounded.
The orc warrior barely misses you.
You barely miss the orc warrior. Your kick misses the orc warrior.
The orc warrior is moderately wounded.
The orc warrior hits you with a +0 halberd!
You focus on the pain.
You feel agile all of a sudden.
You barely miss the orc warrior.
The orc warrior is moderately wounded.
You barely miss the orc warrior. Your kick misses the orc warrior.
The orc warrior is moderately wounded.
The orc warrior hits you but does no damage.
You closely miss the orc warrior.
You claw the orc warrior, but do no damage.
The orc warrior is moderately wounded.
The orc wizard casts a spell at itself.
The orc wizard flickers and vanishes!
Deactivating autopickup; reactivate with Ctrl-A.
The orc warrior hits you with a +0 halberd.
You completely miss the orc warrior. Your kick misses the orc warrior.
The orc warrior is moderately wounded.
The orc priest mumbles some strange prayers to Beogh against you.
Pain shoots through your body! The orc warrior completely misses you.
Unknown command.
The orc priest calls upon Beogh to heal the orc warrior.
The orc warrior is healed somewhat.
The orc warrior completely misses you.
The orc priest invokes the aid of Beogh against you.
Beogh smites you!
You focus on the pain.
You feel more agile all of a sudden. The orc warrior misses you.
The orc priest calls down the wrath of Beogh upon you.
Beogh smites you!
You die...

##.........##
#...........##
.............#
#.........###
##......## .##
##......## ...##
##........#
.....####.........##
......#.....o..@...#
...............###.##
#.........o..###
#..## ##.........###
##..####..
#..........##
##.........
.....<...###
###..#####...
........## ##...## .
......## ###..###
.....## ##...##


You could see an orc warrior and an orc priest.

Vanquished Creatures
  A water moccasin (Sewer)
  An ice beast (D:4)
  A necrophage (D:4)
  Terence (D:3)
  5 adders
  A river rat (D:4)
  An adder skeleton (D:3)
  2 worms
  An orc (D:4)
  8 bats
  12 endoplasms
  4 giant cockroaches
  9 goblins
  7 hobgoblins
  7 jackals
  8 kobolds
  A quokka (D:1)
  8 ball pythons
  4 frilled lizards
  8 rats
90 creatures vanquished.

Notes
Turn   | Place    | Note
-------+----------+-------------------------------------------
     0 | D:1      | Alarkh the Demonspawn Gladiator began the quest for the
                  | Orb.
     0 | D:1      | Reached XP level 1. HP: 16/16 MP: 1/1
   137 | D:1      | Reached skill level 3 in Unarmed Combat
   147 | D:1      | Gained mutation: You have sharp fingernails. [demonic
                  | ancestry]
   147 | D:1      | Reached XP level 2. HP: 11/22 MP: 2/2
   249 | D:1      | Found a faded altar of an unknown god.
   710 | D:1      | Gained mutation: You sometimes gain a little power by
                  | taking damage. [demonic ancestry]
   710 | D:1      | Reached XP level 3. HP: 22/28 MP: 3/3
  1472 | D:2      | Reached skill level 4 in Unarmed Combat
  1521 | D:2      | Gained mutation: You are surrounded by a mild repulsion
                  | field. (EV +2) [demonic ancestry]
  1521 | D:2      | Reached XP level 4. HP: 31/34 MP: 4/4
  1872 | D:3      | Noticed Terence
  1886 | D:3      | Killed Terence
  2275 | D:3      | Found Xueluys's General Store.
  2543 | D:4      | Noticed a necrophage
  2550 | D:4      | Killed a necrophage
  2551 | D:4      | Reached skill level 5 in Unarmed Combat
  2551 | D:4      | Gained mutation: You sometimes gain power by taking damage.
                  | [demonic ancestry]
  2551 | D:4      | Reached XP level 5. HP: 42/42 MP: 5/5
  2630 | D:4      | Noticed an orc warrior
  2766 | D:4      | Noticed an ice beast
  2780 | D:4      | Killed an ice beast
  2781 | D:4      | Reached XP level 6. HP: 23/48 MP: 6/6
  2833 | D:4      | Found a glowing drain.
  2891 | Sewer    | Entered a sewer
  3102 | Sewer    | Noticed a water moccasin
  3104 | Sewer    | Gained mutation: You have sharp toenails. [potion of
                  | mutation]
  3104 | Sewer    | Gained mutation: Your system is resistant to poisons.
                  | (rPois) [potion of mutation]
  3115 | Sewer    | Killed a water moccasin
  3116 | Sewer    | Reached skill level 6 in Unarmed Combat
  3289 | D:4      | Killed from afar by an orc priest

Illustrated notes

Levels and vault maps discovered:
D:1:      pf_arrival_petrified_forest, layout_rooms,
          chequers_ecumenical_altar_simple_redux
D:2:      layout_basic, chequers_garden
D:3:      layout_loops_ring, serial_shops, nicolae_shop_trees, uniq_terence
D:4:      layout_cave_pods, portal_sewer_entry_b, item_on_display_a

Skill      XL: |  1  2  3  4  5  6 |
---------------+-------------------+-----
Unarmed Combat | 3 4 5 6 |  6.0
Fighting       | 3 4 |  4.4
Throwing       | |  1.7
Dodging        | |  2.6

Action                   |  1- 3 |  4- 6 || total
-------------------------+-------+-------++-------
Melee: Unarmed           |   169 |   147 ||   316
       Punch             |     2 |     2 ||     4
       Kick              |       |     5 ||     5
Throw: Throwing net      |       |     5 ||     5
       Dart              |       |     2 ||     2
  Use: Potion            |       |     2 ||     2
 Stab: Held in net/web   |       |     2 ||     2
       Sleeping          |       |     2 ||     2
Armor: Leather armour    |    48 |    19 ||    67
Dodge: Dodged            |   119 |    91 ||   210

Table legend: (Time is in decaauts)
 A = Elapsed time spent in this place.
 B = Non-inter-level travel time spent in this place.
 C = Inter-level travel time spent in this place.
 D = Time resting spent in this place.
 E = Time spent auto-exploring this place.
 F = Levels seen in this place.
 G = Mean time per level.
                   A        B        C        D        E       F      G
               +--------+--------+--------+--------+--------+-----+--------+
         Total |   3280 |   3230 |     50 |    719 |   1748 |   5 |  656.0 |
       Dungeon |   2958 |   2908 |     50 |    566 |   1628 |   4 |  739.5 |
         Sewer |    322 |    322 |      0 |    153 |    120 |   1 |  322.0 |
               +--------+--------+--------+--------+--------+-----+--------+

Top non-repeatable levels by time:
     D:1: 913 daAuts
     D:3: 811 daAuts
     D:2: 782 daAuts
     D:4: 450 daAuts
   Sewer: 322 daAuts
